RedWings vs Stars

Created - 18 décembre 2017 at 19:54

Goals
1 2 3 T
RedWings 1 2 0 3
Stars 1 1 3 5
Shots
1 2 3 T
RedWings 3 9 9 21
Stars 6 9 9 24

1st period

1. Stars , Victor Hedman 6 (Duncan Keith 9, William Nylander 12) at 1:05 (PP)
2. RedWings , Dennis Seidenberg 4 (Sean Monahan 23) at 14:56

Penalties :
Dennis Seidenberg (DET) for Holding (Minor) at 0:45, Dennis Seidenberg (DET) for Tripping (Minor) at 9:23

2nd period

3. Stars , Jonathan Huberdeau 6 (Sidney Crosby 12, Zdeno Chara 12) at 7:53
4. RedWings , Sean Monahan 18 (Paul Martin 20, Ben Lovejoy 9) at 9:12
5. RedWings , Filip Forsberg 18 (Dennis Seidenberg 13, Sean Monahan 24) at 15:13

Penalties :
No Penalty

3rd period

6. Stars , Paul Stastny 7 (Victor Hedman 18, William Nylander 13) at 11:00
7. Stars , William Nylander 10 (Paul Byron 11, Paul Stastny 17) at 12:08
8. Stars , Sidney Crosby 19 (Jonathan Huberdeau 10, Zdeno Chara 13) at 13:12

Penalties :
Paul Byron (DAL) for Roughing (Double Minor) at 16:21

Goalie Stats

Roberto Luongo (DET), 19 saves from 24 shots - (0.792), L, 16-10-1, 60:00 minutes
Jonathan Quick (DAL), 18 saves from 21 shots - (0.857), W, 14-11-4, 60:00 minutes

Players Stats for RedWings

Player Name              G  A  P  +/- PIM S  H  SB GA TA FO     MP     PP MP  PK MP  
------------------------------------------------------------------------------------
Andrew Cogliano          0  0  0  -2  0   1  2  1  0  0  0/0    18:17   1:55   0:49 
Ben Lovejoy              0  1  1  -1  0   0  2  1  0  0  0/0    23:31   1:27   1:09 
David Pastrnak           0  0  0   1  0   3  2  0  0  0  2/2    22:01   1:27   0:26 
Dennis Seidenberg        1  1  2   0  4   4  4  1  0  0  0/0    18:08   0:16   0:00 
Erik Haula               0  0  0   0  0   0  0  0  0  0  1/6     8:25   0:48   1:04 
Filip Forsberg           1  0  1   1  0   4  4  0  0  0  0/2    21:35   1:27   0:00 
Jake Gardiner            0  0  0   0  0   0  1  0  0  0  0/0    17:12   1:55   0:03 
Jonathan Drouin          0  0  0  -2  0   2  0  0  0  0  1/2    17:28   1:55   0:00 
Kris Russell             0  0  0   0  0   0  2  0  0  0  0/0    19:19   0:16   1:09 
Loui Eriksson            0  0  0   0  0   0  1  0  0  0  0/0    13:35   0:16   1:30 
Micheal Ferland          0  0  0   0  0   0  0  0  0  0  0/1     6:33   0:00   0:00 
Nick Jensen              0  0  0   0  0   1  1  1  0  0  0/0    15:14   0:00   0:00 
Paul Martin              0  1  1  -1  0   0  0  3  0  0  0/0    24:00   1:55   1:10 
Ryan Hartman             0  0  0   0  0   1  2  0  0  0  0/2    11:49   0:00   0:00 
Sam Gagner               0  0  0  -2  0   2  1  0  0  0  5/19   16:56   1:23   0:00 
Sean Monahan             1  2  3   1  0   3  0  0  0  0  8/19   22:24   1:27   0:49 
Sven Andrighetto         0  0  0   0  0   0  0  0  0  0  4/9    18:38   0:16   0:00 
Thomas Hickey            0  0  0   0  0   0  0  0  0  0  0/0     2:34   1:27   1:07 

Players Stats for Stars

Player Name              G  A  P  +/- PIM S  H  SB GA TA FO     MP     PP MP  PK MP  
------------------------------------------------------------------------------------
Brandon Manning          0  0  0   0  0   1  0  1  0  0  0/0    15:35   0:00   0:24 
Devin Shore              0  0  0   0  0   3  0  0  0  0  10/15  16:17   0:00   1:23 
Duncan Keith             0  1  1  -1  0   1  0  1  0  0  0/0    21:42   1:34   1:52 
Jakub Voracek            0  0  0   0  0   1  3  0  0  0  1/3    17:40   1:14   0:00 
Jason Demers             0  0  0   0  0   1  1  0  0  0  0/0    15:11   0:00   0:00 
Joel Vermin              0  0  0   0  0   1  0  0  0  0  0/0     5:47   0:00   0:00 
John Klingberg           0  0  0  -1  0   1  0  1  0  0  0/0    20:47   0:45   1:46 
John Mitchell            0  0  0   0  0   2  1  0  0  0  0/0    14:54   0:00   0:00 
Jonathan Huberdeau       1  1  2   0  0   2  1  0  0  0  0/0    19:30   1:14   1:50 
Michael Bournival        0  0  0   0  0   0  0  0  0  0  0/0     6:27   0:00   0:40 
Paul Byron               0  1  1   1  4   2  3  0  0  0  1/2    18:00   1:05   0:00 
Paul Stastny             1  1  2   1  0   2  0  0  0  0  11/15  20:19   1:05   1:51 
Sidney Crosby            1  1  2   0  0   2  1  1  0  0  17/25  23:00   1:14   0:00 
Tommy Wingels            0  0  0   0  0   0  2  0  0  0  1/1    14:54   0:00   0:00 
Tyler Gaudet             0  0  0   0  0   0  0  0  0  0  0/0     1:32   0:00   1:32 
Victor Hedman            1  1  2   2  0   3  1  0  0  0  0/0    23:32   1:34   1:22 
William Nylander         1  2  3   1  0   2  0  0  0  0  0/1    18:01   1:05   0:00 
Zdeno Chara              0  2  2   2  0   0  3  1  0  0  0/0    23:13   0:45   1:52 

3 Stars

1 - William Nylander (DAL)
2 - Sean Monahan (DET)
3 - Victor Hedman (DAL)

Power Play

RedWings - 0 on 2 Attempt(s) - 0.00%
Stars - 1 on 2 Attempt(s) - 50.00%

Penalty Kill

RedWings - 1 on 2 Attempt(s) - 50.00% - Score 0 goal in Penalty Kill
Stars - 2 on 2 Attempt(s) - 100.00% - Score 0 goal in Penalty Kill

Team Stat

RedWings - Hits : 22 - Faceoff Wins : 21 - Blocked Shots : 7 - Penalty Minutes : 4
Stars - Hits : 16 - Faceoff Wins : 41 - Blocked Shots : 5 - Penalty Minutes : 4

Official

Referees : Ghislain Hebert and Tom Chmielewski
Linesman : Brian Mach and Brad Lazarowich

Game Notes

No Game Note

Finance

Level 1 -- Attendance: 2878 (47.97%) -- Ticket Income 532 430 $
Level 2 -- Attendance: 2688 (53.76%) -- Ticket Income 349 440 $
Level 3 -- Attendance: 1536 (76.80%) -- Ticket Income 161 280 $
Level 4 -- Attendance: 1161 (25.62%) -- Ticket Income 87 075 $
Luxury Box -- Attendance: 465 (46.50%) -- Ticket Income 167 400 $
Game was played at the American Airlines Center.
Total Attendance: 8728 (47.10%)
Total Ticket Income: 1 297 625 $
Other Income: 194 644 $
Total Income: 1 492 269 $

% Time on Ice - RedWings

Lines # - Real PCT - Wanted PCT - Time Play
Normal Forward
1 - 37% - 40% - 20:08
2 - 29% - 30% - 15:33
3 - 22% - 20% - 11:49
4 - 12% - 10% - 6:33
Normal Defense
1 - 34% - 40% - 18:33
2 - 33% - 30% - 17:54
3 - 28% - 20% - 15:14
4 - 4% - 10% - 2:22
PP Forward
1 - 60% - 60% - 2:11
2 - 40% - 40% - 1:27
PP Defense
1 - 53% - 60% - 1:55
2 - 47% - 40% - 1:43
PK Forward
1 - 65% - 60% - 1:30
2 - 35% - 40% - 0:49
PK Defense
1 - 50% - 60% - 1:09
2 - 50% - 40% - 1:10
PK3 Forward
1 - 0% - 60%
2 - 0% - 40%
PK3 Defense
1 - 0% - 60%
2 - 0% - 40%
44 Forward
1 - 0% - 60%
2 - 0% - 40%
44 Defense
1 - 0% - 60%
2 - 0% - 40%
Last Minute Offensive  - 0:00
Last Minute Defensive  - 0:00
Total
Forward - 60:00
Defense - 60:00

% Time on Ice - Stars

Lines # - Real PCT - Wanted PCT - Time Play
Normal Forward
1 - 30% - 40% - 16:26
2 - 31% - 30% - 16:56
3 - 28% - 20% - 14:54
4 - 11% - 10% - 5:47
Normal Defense
1 - 35% - 40% - 18:45
2 - 34% - 30% - 18:16
3 - 28% - 20% - 15:11
4 - 3% - 10% - 1:51
PP Forward
1 - 53% - 60% - 1:14
2 - 47% - 40% - 1:05
PP Defense
1 - 68% - 60% - 1:34
2 - 32% - 40% - 0:45
PK Forward
1 - 100% - 60% - 3:38
2 - 0% - 40% - 0:00
PK Defense
1 - 51% - 60% - 1:52
2 - 49% - 40% - 1:46
PK3 Forward
1 - 0% - 60%
2 - 0% - 40%
PK3 Defense
1 - 0% - 60%
2 - 0% - 40%
44 Forward
1 - 0% - 60%
2 - 0% - 40%
44 Defense
1 - 0% - 60%
2 - 0% - 40%
Last Minute Offensive  - 0:00
Last Minute Defensive  - 0:00
Total
Forward - 60:00
Defense - 60:00

Play by Play

1st period


0:01 of 1st period - Sean Monahan wins face-off versus Sidney Crosby in neutral zone.
0:05 of 1st period - Icing by Zdeno Chara.
0:06 of 1st period - Sidney Crosby wins face-off versus Sam Gagner in Stars zone.
0:23 of 1st period - Jonathan Huberdeau is hit by Dennis Seidenberg and loses puck.
0:33 of 1st period - Sidney Crosby is hit by Dennis Seidenberg and loses puck.
0:43 of 1st period - Jakub Voracek is hit by Kris Russell and loses puck.
0:45 of 1st period - Minor Penalty to Dennis Seidenberg for Holding.
0:46 of 1st period - Paul Byron wins face-off versus Erik Haula in RedWings zone.
1:05 of 1st period - Shot by Victor Hedman.
1:05 of 1st period - Goal by Victor Hedman - RedWings : 0 - Stars : 1.
1:06 of 1st period - Sean Monahan wins face-off versus Devin Shore in neutral zone.
1:19 of 1st period - Shot by Filip Forsberg.
1:19 of 1st period - Stopped by Jonathan Quick with a rebound.
2:00 of 1st period - Icing by John Klingberg.
2:01 of 1st period - Paul Stastny wins face-off versus Sven Andrighetto in Stars zone.
2:16 of 1st period - William Nylander is hit by Ryan Hartman and loses puck.
3:44 of 1st period - Paul Martin is hit by Jakub Voracek and loses puck.
4:13 of 1st period - Shot by Jonathan Huberdeau.
4:13 of 1st period - Stopped by Roberto Luongo without a rebound.
4:14 of 1st period - Devin Shore wins face-off versus Erik Haula in RedWings zone.
4:19 of 1st period - Shot by Devin Shore.
4:19 of 1st period - Shot Misses the Net.
4:21 of 1st period - Shot by Jason Demers.
4:21 of 1st period - Shot Misses the Net.
4:29 of 1st period - Shot by John Mitchell.
4:29 of 1st period - Stopped by Roberto Luongo without a rebound.
4:30 of 1st period - Sidney Crosby wins face-off versus Sam Gagner in RedWings zone.
5:29 of 1st period - Devin Shore is hit by Jake Gardiner and loses puck.
6:33 of 1st period - Off-side.
6:34 of 1st period - Sidney Crosby wins face-off versus Sam Gagner in neutral zone.
8:18 of 1st period - Icing by Sven Andrighetto.
8:19 of 1st period - Sidney Crosby wins face-off versus Micheal Ferland in RedWings zone.
9:04 of 1st period - Shot by Brandon Manning.
9:04 of 1st period - Shot Misses the Net.
9:06 of 1st period - Shot by Brandon Manning.
9:06 of 1st period - Stopped by Roberto Luongo without a rebound.
9:07 of 1st period - Paul Stastny wins face-off versus Sean Monahan in RedWings zone.
9:22 of 1st period - Shot by William Nylander.
9:22 of 1st period - Stopped by Roberto Luongo without a rebound.
9:23 of 1st period - Sidney Crosby wins face-off versus Sam Gagner in RedWings zone.
9:23 of 1st period - Minor Penalty to Dennis Seidenberg for Tripping.
9:24 of 1st period - David Pastrnak wins face-off versus Sidney Crosby in RedWings zone.
9:46 of 1st period - Andrew Cogliano is hit by Jakub Voracek.
10:15 of 1st period - Icing by Zdeno Chara.
10:16 of 1st period - David Pastrnak wins face-off versus Paul Stastny in Stars zone.
10:45 of 1st period - Shot by Paul Byron.
10:45 of 1st period - Shot Misses the Net.
10:47 of 1st period - Shot by Zdeno Chara.
10:47 of 1st period - Shot Blocked by Paul Martin.
10:49 of 1st period - Shot by Zdeno Chara.
10:49 of 1st period - Shot Blocked by Paul Martin.
10:51 of 1st period - Shot by Paul Stastny.
10:51 of 1st period - Shot Misses the Net.
10:53 of 1st period - Shot by John Klingberg.
10:53 of 1st period - Stopped by Roberto Luongo without a rebound.
10:54 of 1st period - Sidney Crosby wins face-off versus Sean Monahan in RedWings zone.
11:13 of 1st period - Shot by Victor Hedman.
11:13 of 1st period - Shot Blocked by Andrew Cogliano.
11:18 of 1st period - Jakub Voracek is hit by Ben Lovejoy and loses puck.
11:37 of 1st period - Shot by Sean Monahan.
11:37 of 1st period - Shot Misses the Net.
11:51 of 1st period - Shot by Filip Forsberg.
11:51 of 1st period - Shot Misses the Net.
12:11 of 1st period - Shot by Loui Eriksson.
12:11 of 1st period - Shot Misses the Net.
13:21 of 1st period - Andrew Cogliano is hit by Paul Byron and loses puck.
13:40 of 1st period - Ben Lovejoy is hit by Paul Byron and loses puck.
14:05 of 1st period - Nick Jensen is hit by Jonathan Huberdeau and loses puck.
14:52 of 1st period - Shot by Sean Monahan.
14:52 of 1st period - Shot Misses the Net.
14:54 of 1st period - Shot by Dennis Seidenberg.
14:54 of 1st period - Shot Misses the Net.
14:56 of 1st period - Shot by Dennis Seidenberg.
14:56 of 1st period - Goal by Dennis Seidenberg - RedWings : 1 - Stars : 1.
14:57 of 1st period - Paul Stastny wins face-off versus Sean Monahan in neutral zone.
15:05 of 1st period - Zdeno Chara is hit by David Pastrnak and loses puck.
15:10 of 1st period - Shot by Filip Forsberg.
15:10 of 1st period - Shot Misses the Net.
15:12 of 1st period - Shot by Dennis Seidenberg.
15:12 of 1st period - Shot Misses the Net.
15:43 of 1st period - Icing by Jake Gardiner.
15:44 of 1st period - Sidney Crosby wins face-off versus Ryan Hartman in RedWings zone.
15:44 of 1st period - Sidney Crosby is hit by Nick Jensen.
16:50 of 1st period - Shot by Tommy Wingels.
16:50 of 1st period - Shot Misses the Net.
17:06 of 1st period - Shot by Devin Shore.
17:06 of 1st period - Shot Blocked by Nick Jensen.
18:28 of 1st period - Shot by Jonathan Drouin.
18:28 of 1st period - Shot Misses the Net.
19:01 of 1st period - John Klingberg is hit by Sam Gagner and loses puck.
19:22 of 1st period - Shot by Filip Forsberg.
19:22 of 1st period - Stopped by Jonathan Quick without a rebound.
19:23 of 1st period - Sean Monahan wins face-off versus Devin Shore in Stars zone.
Goals for this period are 1 for RedWings vs 1 for Stars.
Shots for this period are 3 for RedWings vs 6 for Stars.

2nd period


0:01 of 2nd period - Sean Monahan wins face-off versus Sidney Crosby in neutral zone.
0:16 of 2nd period - Sidney Crosby is hit by Ben Lovejoy.
1:02 of 2nd period - Shot by Paul Byron.
1:02 of 2nd period - Stopped by Roberto Luongo without a rebound.
1:03 of 2nd period - Sam Gagner wins face-off versus Devin Shore in RedWings zone.
2:36 of 2nd period - Icing by Dennis Seidenberg.
2:37 of 2nd period - Sam Gagner wins face-off versus Sidney Crosby in RedWings zone.
3:13 of 2nd period - Icing by Nick Jensen.
3:14 of 2nd period - Devin Shore wins face-off versus Ryan Hartman in RedWings zone.
3:43 of 2nd period - Tommy Wingels is hit by Filip Forsberg and loses puck.
3:52 of 2nd period - John Mitchell is hit by Filip Forsberg.
4:32 of 2nd period - Shot by Paul Stastny.
4:32 of 2nd period - Shot Blocked by Ben Lovejoy.
4:34 of 2nd period - Shot by Paul Byron.
4:34 of 2nd period - Stopped by Roberto Luongo with a rebound.
4:41 of 2nd period - Icing by Ben Lovejoy.
4:42 of 2nd period - Sidney Crosby wins face-off versus Filip Forsberg in RedWings zone.
5:10 of 2nd period - Shot by Micheal Ferland.
5:10 of 2nd period - Shot Misses the Net.
5:23 of 2nd period - Icing by Victor Hedman.
5:24 of 2nd period - Sven Andrighetto wins face-off versus Jakub Voracek in Stars zone.
5:24 of 2nd period - Loui Eriksson is hit by Zdeno Chara and loses puck.
5:29 of 2nd period - Shot by Ryan Hartman.
5:29 of 2nd period - Stopped by Jonathan Quick without a rebound.
5:30 of 2nd period - Sam Gagner wins face-off versus Paul Stastny in Stars zone.
7:06 of 2nd period - Icing by Victor Hedman.
7:07 of 2nd period - Sean Monahan wins face-off versus Sidney Crosby in Stars zone.
7:12 of 2nd period - Shot by David Pastrnak.
7:12 of 2nd period - Stopped by Jonathan Quick without a rebound.
7:13 of 2nd period - Sean Monahan wins face-off versus Sidney Crosby in Stars zone.
7:13 of 2nd period - Paul Martin is hit by Zdeno Chara and loses puck.
7:53 of 2nd period - Shot by Jonathan Huberdeau.
7:53 of 2nd period - Goal by Jonathan Huberdeau - RedWings : 1 - Stars : 2.
7:54 of 2nd period - Jonathan Drouin wins face-off versus William Nylander in neutral zone.
8:02 of 2nd period - Icing by John Klingberg.
8:03 of 2nd period - Sam Gagner wins face-off versus Paul Byron in Stars zone.
8:38 of 2nd period - Shot by Paul Stastny.
8:38 of 2nd period - Stopped by Roberto Luongo with a rebound.
8:40 of 2nd period - Shot by Duncan Keith.
8:40 of 2nd period - Stopped by Roberto Luongo without a rebound.
8:41 of 2nd period - Sean Monahan wins face-off versus Jakub Voracek in RedWings zone.
9:04 of 2nd period - Shot by Ben Lovejoy.
9:04 of 2nd period - Shot Blocked by Sidney Crosby.
9:06 of 2nd period - Shot by Sean Monahan.
9:06 of 2nd period - Shot Blocked by Zdeno Chara.
9:08 of 2nd period - Shot by Ben Lovejoy.
9:08 of 2nd period - Shot Misses the Net.
9:12 of 2nd period - Shot by Sean Monahan.
9:12 of 2nd period - Goal by Sean Monahan - RedWings : 2 - Stars : 2.
9:13 of 2nd period - Devin Shore wins face-off versus Erik Haula in neutral zone.
9:15 of 2nd period - Off-side.
9:16 of 2nd period - Devin Shore wins face-off versus Erik Haula in neutral zone.
9:33 of 2nd period - Shot by Sven Andrighetto.
9:33 of 2nd period - Shot Misses the Net.
9:35 of 2nd period - Shot by Sven Andrighetto.
9:35 of 2nd period - Shot Misses the Net.
9:37 of 2nd period - Shot by Dennis Seidenberg.
9:37 of 2nd period - Stopped by Jonathan Quick with a rebound.
9:39 of 2nd period - Shot by Dennis Seidenberg.
9:39 of 2nd period - Stopped by Jonathan Quick without a rebound.
9:40 of 2nd period - Sidney Crosby wins face-off versus Filip Forsberg in Stars zone.
9:40 of 2nd period - Sidney Crosby is hit by Filip Forsberg.
10:12 of 2nd period - Shot by Filip Forsberg.
10:12 of 2nd period - Stopped by Jonathan Quick without a rebound.
10:13 of 2nd period - Paul Stastny wins face-off versus Sam Gagner in Stars zone.
10:13 of 2nd period - Paul Stastny is hit by Andrew Cogliano.
11:48 of 2nd period - Shot by Jakub Voracek.
11:48 of 2nd period - Deflect By Jonathan Huberdeau.
11:48 of 2nd period - Shot Blocked by Paul Martin.
12:45 of 2nd period - Shot by Devin Shore.
12:45 of 2nd period - Stopped by Roberto Luongo without a rebound.
12:46 of 2nd period - Sidney Crosby wins face-off versus Sam Gagner in RedWings zone.
13:07 of 2nd period - Shot by Sam Gagner.
13:07 of 2nd period - Stopped by Jonathan Quick without a rebound.
13:08 of 2nd period - Devin Shore wins face-off versus Erik Haula in Stars zone.
13:18 of 2nd period - Jake Gardiner is hit by John Mitchell and loses puck.
13:29 of 2nd period - Shot by Devin Shore.
13:29 of 2nd period - Shot Misses the Net.
13:31 of 2nd period - Shot by Devin Shore.
13:31 of 2nd period - Stopped by Roberto Luongo with a rebound.
13:33 of 2nd period - Shot by John Mitchell.
13:33 of 2nd period - Stopped by Roberto Luongo with a rebound.
13:44 of 2nd period - Icing by Jake Gardiner.
13:45 of 2nd period - Erik Haula wins face-off versus Sidney Crosby in RedWings zone.
14:02 of 2nd period - Shot by Sidney Crosby.
14:02 of 2nd period - Shot Misses the Net.
14:35 of 2nd period - Shot by Sam Gagner.
14:35 of 2nd period - Stopped by Jonathan Quick without a rebound.
14:36 of 2nd period - Sean Monahan wins face-off versus Paul Stastny in Stars zone.
14:36 of 2nd period - Sean Monahan is hit by Victor Hedman.
15:05 of 2nd period - Shot by Filip Forsberg.
15:05 of 2nd period - Shot Misses the Net.
15:07 of 2nd period - Shot by Filip Forsberg.
15:07 of 2nd period - Shot Misses the Net.
15:09 of 2nd period - Shot by Dennis Seidenberg.
15:09 of 2nd period - Shot Misses the Net.
15:13 of 2nd period - Shot by Filip Forsberg.
15:13 of 2nd period - Goal by Filip Forsberg - RedWings : 3 - Stars : 2.
15:14 of 2nd period - Devin Shore wins face-off versus Sam Gagner in neutral zone.
15:42 of 2nd period - Shot by Ben Lovejoy.
15:42 of 2nd period - Shot Misses the Net.
15:57 of 2nd period - Icing by Ben Lovejoy.
15:58 of 2nd period - Jakub Voracek wins face-off versus Sam Gagner in RedWings zone.
17:15 of 2nd period - Icing by Dennis Seidenberg.
17:16 of 2nd period - Devin Shore wins face-off versus Sean Monahan in RedWings zone.
17:39 of 2nd period - Icing by Dennis Seidenberg.
17:40 of 2nd period - Sidney Crosby wins face-off versus Sean Monahan in RedWings zone.
17:45 of 2nd period - Shot by Sidney Crosby.
17:45 of 2nd period - Stopped by Roberto Luongo without a rebound.
17:46 of 2nd period - Sidney Crosby wins face-off versus Sven Andrighetto in RedWings zone.
Goals for this period are 2 for RedWings vs 1 for Stars.
Shots for this period are 9 for RedWings vs 9 for Stars.

3rd period


0:01 of 3rd period - Sidney Crosby wins face-off versus Sean Monahan in neutral zone.
1:00 of 3rd period - Sam Gagner is hit by Sidney Crosby and loses puck.
1:15 of 3rd period - Shot by Sam Gagner.
1:15 of 3rd period - Shot Misses the Net.
1:17 of 3rd period - Shot by Andrew Cogliano.
1:17 of 3rd period - Stopped by Jonathan Quick without a rebound.
1:18 of 3rd period - Devin Shore wins face-off versus Sven Andrighetto in Stars zone.
1:30 of 3rd period - Sven Andrighetto is hit by Jason Demers and loses puck.
1:37 of 3rd period - Sven Andrighetto is hit by Tommy Wingels and loses puck.
2:36 of 3rd period - Shot by Sean Monahan.
2:36 of 3rd period - Shot Misses the Net.
3:18 of 3rd period - Shot by Sidney Crosby.
3:18 of 3rd period - Deflect By Joel Vermin.
3:18 of 3rd period - Shot Misses the Net.
3:20 of 3rd period - Shot by Victor Hedman.
3:20 of 3rd period - Stopped by Roberto Luongo with a rebound.
3:38 of 3rd period - Shot by Devin Shore.
3:38 of 3rd period - Shot Misses the Net.
3:40 of 3rd period - Shot by Jason Demers.
3:40 of 3rd period - Stopped by Roberto Luongo without a rebound.
3:41 of 3rd period - Sidney Crosby wins face-off versus Sven Andrighetto in RedWings zone.
4:23 of 3rd period - Icing by Jake Gardiner.
4:24 of 3rd period - Sven Andrighetto wins face-off versus Devin Shore in RedWings zone.
4:42 of 3rd period - Shot by Victor Hedman.
4:42 of 3rd period - Stopped by Roberto Luongo without a rebound.
4:43 of 3rd period - Paul Stastny wins face-off versus Sean Monahan in RedWings zone.
6:34 of 3rd period - Jake Gardiner is hit by Paul Byron and loses puck.
7:17 of 3rd period - Shot by Jakub Voracek.
7:17 of 3rd period - Stopped by Roberto Luongo without a rebound.
7:18 of 3rd period - Devin Shore wins face-off versus Jonathan Drouin in RedWings zone.
7:21 of 3rd period - Shot by Devin Shore.
7:21 of 3rd period - Stopped by Roberto Luongo without a rebound.
7:22 of 3rd period - Devin Shore wins face-off versus Sean Monahan in RedWings zone.
7:22 of 3rd period - Devin Shore is hit by Kris Russell.
7:29 of 3rd period - John Mitchell is hit by Dennis Seidenberg and loses puck.
7:40 of 3rd period - Duncan Keith is hit by David Pastrnak and loses puck.
8:00 of 3rd period - Off-side.
8:01 of 3rd period - Sidney Crosby wins face-off versus Sam Gagner in neutral zone.
8:18 of 3rd period - Shot by Jonathan Drouin.
8:18 of 3rd period - Stopped by Jonathan Quick without a rebound.
8:19 of 3rd period - Sven Andrighetto wins face-off versus Sidney Crosby in Stars zone.
8:38 of 3rd period - Shot by Joel Vermin.
8:38 of 3rd period - Shot Misses the Net.
8:45 of 3rd period - Ryan Hartman is hit by Zdeno Chara and loses puck.
9:06 of 3rd period - Shot by Sam Gagner.
9:06 of 3rd period - Deflect By Jonathan Drouin.
9:06 of 3rd period - Stopped by Jonathan Quick without a rebound.
9:07 of 3rd period - Tommy Wingels wins face-off versus Sean Monahan in Stars zone.
9:07 of 3rd period - Tommy Wingels is hit by Filip Forsberg.
9:56 of 3rd period - Off-side.
9:57 of 3rd period - Sidney Crosby wins face-off versus Sam Gagner in neutral zone.
10:04 of 3rd period - Shot by Jakub Voracek.
10:04 of 3rd period - Deflect By Jonathan Huberdeau.
10:04 of 3rd period - Shot Misses the Net.
10:39 of 3rd period - Icing by Sam Gagner.
10:40 of 3rd period - Sam Gagner wins face-off versus Paul Stastny in RedWings zone.
10:45 of 3rd period - Victor Hedman is hit by Andrew Cogliano and loses puck.
10:52 of 3rd period - Shot by William Nylander.
10:52 of 3rd period - Shot Misses the Net.
10:58 of 3rd period - Shot by Paul Stastny.
10:58 of 3rd period - Shot Blocked by Dennis Seidenberg.
11:00 of 3rd period - Shot by Paul Stastny.
11:00 of 3rd period - Goal by Paul Stastny - RedWings : 3 - Stars : 3.
11:01 of 3rd period - Sidney Crosby wins face-off versus Sean Monahan in neutral zone.
11:36 of 3rd period - Shot by Joel Vermin.
11:36 of 3rd period - Stopped by Roberto Luongo with a rebound.
12:08 of 3rd period - Shot by William Nylander.
12:08 of 3rd period - Goal by William Nylander - RedWings : 3 - Stars : 4.
12:09 of 3rd period - Sven Andrighetto wins face-off versus Devin Shore in neutral zone.
13:12 of 3rd period - Shot by Sidney Crosby.
13:12 of 3rd period - Goal by Sidney Crosby - RedWings : 3 - Stars : 5.
13:13 of 3rd period - Paul Stastny wins face-off versus Sam Gagner in neutral zone.
13:45 of 3rd period - Paul Stastny is hit by Dennis Seidenberg and loses puck.
14:42 of 3rd period - Shot by Sean Monahan.
14:42 of 3rd period - Shot Misses the Net.
14:48 of 3rd period - Sean Monahan is hit by Jakub Voracek and loses puck.
15:27 of 3rd period - Sven Andrighetto is hit by Tommy Wingels and loses puck.
15:53 of 3rd period - Shot by Sven Andrighetto.
15:53 of 3rd period - Shot Misses the Net.
15:55 of 3rd period - Shot by Nick Jensen.
15:55 of 3rd period - Stopped by Jonathan Quick without a rebound.
15:56 of 3rd period - Paul Stastny wins face-off versus Sven Andrighetto in Stars zone.
15:56 of 3rd period - Paul Stastny is hit by Ryan Hartman.
16:21 of 3rd period - Double Minor Penalty to Paul Byron for Roughing.
16:22 of 3rd period - Paul Stastny wins face-off versus Sam Gagner in Stars zone.
16:51 of 3rd period - Shot by Andrew Cogliano.
16:51 of 3rd period - Shot Blocked by John Klingberg.
17:28 of 3rd period - Shot by Sean Monahan.
17:28 of 3rd period - Stopped by Jonathan Quick with a rebound.
17:30 of 3rd period - Shot by Ben Lovejoy.
17:30 of 3rd period - Shot Blocked by Duncan Keith.
17:32 of 3rd period - Shot by David Pastrnak.
17:32 of 3rd period - Shot Misses the Net.
18:46 of 3rd period - Shot by Filip Forsberg.
18:46 of 3rd period - Shot Blocked by Brandon Manning.
18:50 of 3rd period - Shot by Filip Forsberg.
18:50 of 3rd period - Shot Misses the Net.
18:52 of 3rd period - Shot by Filip Forsberg.
18:52 of 3rd period - Deflect By David Pastrnak.
18:52 of 3rd period - Shot Misses the Net.
18:54 of 3rd period - Shot by Sean Monahan.
18:54 of 3rd period - Stopped by Jonathan Quick without a rebound.
18:55 of 3rd period - Paul Stastny wins face-off versus Sam Gagner in Stars zone.
18:55 of 3rd period - Duncan Keith is hit by Loui Eriksson and loses puck.
19:08 of 3rd period - Shot by Sven Andrighetto.
19:08 of 3rd period - Shot Misses the Net.
19:10 of 3rd period - Shot by Dennis Seidenberg.
19:10 of 3rd period - Stopped by Jonathan Quick without a rebound.
19:11 of 3rd period - Paul Stastny wins face-off versus Sean Monahan in Stars zone.
19:24 of 3rd period - Shot by David Pastrnak.
19:24 of 3rd period - Stopped by Jonathan Quick with a rebound.
19:26 of 3rd period - Shot by David Pastrnak.
19:26 of 3rd period - Stopped by Jonathan Quick without a rebound.
19:27 of 3rd period - Paul Stastny wins face-off versus Sam Gagner in Stars zone.
Goals for this period are 0 for RedWings vs 3 for Stars.
Shots for this period are 9 for RedWings vs 9 for Stars.